 Dungeon Crawl Stone Soup version 0.27.1-2-g3b301248ec (webtiles) character file.

Game seed: 2362341285779606529

127 wilfster70 the Skirmisher (level 5, 0/33 HPs)
             Began as a Gargoyle Fighter on Oct 1, 2021.
             Slain by an orc wizard (1 damage)
             ... on level 2 of the Dungeon.
             The game lasted 00:04:55 (3026 turns).

wilfster70 the Skirmisher (Gargoyle Fighter)        Turns: 3026, Time: 00:04:55

Health: 0/33       AC: 11    Str: 20    XL:     5   Next: 11%
Magic:  5/5        EV:  9    Int:  9    God:
Gold:   58         SH:  0    Dex: 15    Spells: 4/4 levels left

rFire    . . .     SeeInvis .   a - +0 flail
rCold    . . .     Faith    .   n - +0 buckler
rNeg     + . .     Spirit   .   b - +0 scale mail
rPois    ∞         Reflect  .   (no helmet)
rElec    +         Harm     .   (no cloak)
rCorr    .         Rampage  .   (no gloves)
Will     .....                  (no boots)
Stlth    ..........             (no amulet)
HPRegen  0.11/turn              o - +6 ring of dexterity
MPRegen  0.09/turn              i - ring of flight

@: confused, mighty, flying, very slightly contaminated, hasted, invisible, very
quick
A: sickness immunity, AC +4, negative energy resistance 1, electricity
resistance, torment resistance 1, petrification resistance
a: no special abilities


You were on level 2 of the Dungeon.
You visited 1 branch of the dungeon, and saw 3 of its levels.

You collected 80 gold pieces.
You spent 22 gold pieces at shops.

Inventory:

Hand Weapons
 a - a +0 flail (weapon)
Armour
 b - a +0 scale mail (worn)
 c - a +0 kite shield
 n - a +0 buckler (worn)
Jewellery
 g - a ring of positive energy
 i - a ring of flight (right hand)
 o - a +6 ring of dexterity (left hand)
Scrolls
 f - a scroll of silence {unknown}
 h - a scroll of amnesia {unknown}
 k - 2 scrolls of teleportation {unknown}
 m - a scroll of identify {unknown}
Potions
 d - a potion of might
 e - a potion of haste


   Skills:
 + Level 4.0 Fighting
 * Level 3.5 Maces & Flails
 + Level 4.0 Armour
 + Level 4.0 Shields


You had 4 spell levels left.
You didn't know any spells.
Your spell library contained the following spells:

 Spells                   Type           Power      Damage    Failure   Level
 Sting                    Tmut/Pois      0%         1d3       75%         1


Dungeon Overview and Level Annotations

Branches:
Dungeon (3/15)

Altars:

Shops:
D:2 *


Innate Abilities, Weirdness & Mutations

You are immune to sickness and miasma.
Your stone body is resilient. (AC +4)
You are immune to poison.
You resist negative energy. (rN+)
You are resistant to electric shocks. (rElec)
You are resistant to unholy torment.
You are immune to petrification.


Message History

Something hits you but does no damage.
You closely miss something. Something hits you but does no damage.
You hear some strange, mumbled words.
A magic dart appears from out of thin air!
The magic dart hits you!
You barely miss something.
Something hits you but does no damage. x2
You bump into the rock wall.
Something hits you. Something hits you but does no damage.
You bump into the rock wall.
You hear some strange, mumbled words.
Something tries to affect you, but you resist.
You hear some strange, mumbled words.
You are more confused.
You completely miss something. Something hits you.
* * * LOW HITPOINT WARNING * * *
Something hits you.
* * * LOW HITPOINT WARNING * * *
You completely miss something.
You hear some strange, mumbled words.
A magic dart appears from out of thin air!
The magic dart hits you.
* * * LOW HITPOINT WARNING * * *
Something hits you but does no damage. x3
You're too confused to move!
Something hits you but does no damage. Something hits you.
* * * LOW HITPOINT WARNING * * *
It was a potion of haste.
You feel yourself speed up.
Something hits you but does no damage. x2
It was a potion of flight.
You feel more buoyant.
It was a potion of invisibility.
You fade into invisibility!
Something hits you but does no damage. Something hits you.
* * * LOW HITPOINT WARNING * * *
You are very lightly contaminated with residual magic.
You feel very mighty all of a sudden.
Something hits you but does no damage. x2
You completely miss something. Something completely misses you.
Something hits you.
You die...

#.# #....
###########.##########.###
#......................###
###.#############...##....
#.# #...###### #.# #...#
#. #.# ########## #.#
##############.... #.#
#@{............... #.#
#{############.### #.# #.#
#.# # #.# #.# #.### #.#
#.############..<.
###.#####.................
#.........................
###.#####.##############..
###.#####.# ###


There were no monsters in sight!

Vanquished Creatures
  A scorpion (D:2)
  2 adders (D:3)
  2 orcs
  6 bats
  5 endoplasms
  5 goblins
  2 hobgoblins
  7 jackals (D:2)
  3 quokkas (D:2)
  4 ball pythons
  3 frilled lizards
  5 kobolds
  6 rats
51 creatures vanquished.

Notes
Turn   | Place    | Note
-------+----------+-------------------------------------------
     0 | D:1      | wilfster70 the Gargoyle Fighter began the quest for the
                  | Orb.
     0 | D:1      | Reached XP level 1. HP: 14/14 MP: 1/1
   220 | D:1      | Reached XP level 2. HP: 3/19 MP: 2/2
   542 | D:1      | Found a faded altar of an unknown god.
   550 | D:1      | Got Plato's Grimoire of the Merchant
  1475 | D:2      | Reached XP level 3. HP: 23/23 MP: 3/3
  1506 | D:2      | Found Lugosseg's General Store.
  1509 | D:2      | Bought 2 scrolls of noise for 22 gold pieces
  1534 | D:2      | Noticed a scorpion
  1545 | D:2      | Killed a scorpion
  1546 | D:2      | Reached XP level 4. HP: 20/29 MP: 4/4
  2697 | D:3      | Reached XP level 5. HP: 19/33 MP: 5/5
  3024 | D:2      | HP: 1/33 [something (3)]
  3026 | D:2      | Slain by an orc wizard

Illustrated notes

Levels and vault maps discovered:
D:1:      onia_arrival_handbag, layout_basic,
          shapermc_ecumenical_altar_rom_forum
D:2:      layout_basic, serial_shops, nicolae_shop_behind_doors,
          minmay_hexomino_u4
D:3:      layout_basic, serial_shops, nicolae_diamond_shop, corexii_shack,
          nrook_campfire, grunt_ministairs_11

Skill      XL: |  1  2  3  4 |
---------------+-------------+-----
Maces & Flails | 3 |  3.5
Fighting       | 4 |  4.0
Shields        | 4 |  4.0
Armour         | 4 |  4.0

Action                   |  1- 3 |  4- 6 || total
-------------------------+-------+-------++-------
Melee: Flail             |   119 |   128 ||   247
  Use: Potion            |       |     4 ||     4
Armor: Scale mail        |    73 |   117 ||   190
Dodge: Dodged            |    60 |    54 ||   114
Block: Kite shield       |    87 |    22 ||   109
       Buckler           |       |    32 ||    32
